 Dungeon Crawl Stone Soup version 0.28.0 (webtiles) character file.

Game seed: 14002364648095741860

718 Spectrina the Ducker (level 7, 0/34 HPs)
             Began as a Felid Monk on Feb 14, 2022.
             Was a Follower of Qazlal.
             Splashed by a jelly's acid (11 damage)
             ... on level 6 of the Dungeon on Feb 15, 2022.
             The game lasted 00:33:37 (3958 turns).

Spectrina the Ducker (Felid Monk)                   Turns: 3958, Time: 00:33:37

Health: 0/34       AC: -2    Str: 13    XL:     7   Next: 42%
Magic:  8/8        EV: 23    Int: 12    God:    Qazlal [*.....]
Gold:   242        SH:  2    Dex: 20    Spells: 6/6 levels left
                                        Lives:  0   Deaths: 2

rFire   + . .      SeeInvis +     - Unarmed
rCold   . . .      Faith    .   (shield unavailable)
rNeg    . . .      Spirit   .   (armour unavailable)
rPois   .          Reflect  .   (helmet unavailable)
rElec   .          Harm     .   (cloak unavailable)
rCorr   .          Rampage  .   (gloves unavailable)
Will    +....                   (boots unavailable)
Stlth   +++.......              (no amulet)
HPRegen 0.11/turn               r - +6 ring of strength
MPRegen 0.11/turn               k - ring of protection from fire

@: corroded, quick
A: very small, claws 1, fangs 3, see invisible, speed 1, shaggy fur 2, stealthy
paws, no weapons or thrown items, no armour, multi-lived
a: Renounce Religion


You were on level 6 of the Dungeon.
You worshipped Qazlal.
Qazlal was aware of your devotion.
You visited 2 branches of the dungeon, and saw 8 of its levels.

You collected 313 gold pieces.
You spent 71 gold pieces at shops.

Inventory:

Jewellery
 c - a +6 ring of intelligence
 k - a ring of protection from fire (right paw)
 r - a +6 ring of strength (left paw)
Wands
 l - a wand of flame (11) (quivered)
 p - a wand of paralysis (13)
Scrolls
 b - a scroll of enchant armour {unknown}
 d - 3 scrolls of blinking {unknown}
 e - 2 scrolls of magic mapping {unknown}
 j - 2 scrolls of immolation
 o - a scroll of noise {unknown}
 q - 2 scrolls of enchant weapon {unknown}
 s - a scroll of fog
Potions
 a - 3 potions of haste
 f - a potion of mutation {unknown}
 g - 2 potions of might {unknown}
 h - a potion of lignification {unknown}
 i - 4 potions of heal wounds
 m - 2 potions of curing
 n - a potion of magic {unknown}


   Skills:
 + Level 5.7 Fighting
 + Level 7.7 Dodging
 - Level 6.0 Stealth
 * Level 7.7 Unarmed Combat
 + Level 0.8 Invocations


You had 6 spell levels left.
You didn't know any spells.
Your spell library contained the following spells:

 Spells                   Type           Power      Damage    Failure   Level
 Animate Skeleton         Necr           0%         N/A       32%         1
 Pain                     Necr           0%         1d4       32%         1
 Summon Guardian Golem    Hex/Summ       0%         N/A       69%         3
 Vampiric Draining        Necr           0%         2d6       69%         3
 Orb of Destruction       Conj           0%         9d5       100%        7
 Spellforged Servitor     Conj/Summ      0%         N/A       100%        7


Dungeon Overview and Level Annotations

Branches:
Dungeon (7/15)             Temple (1/1) D:7

Altars:
Cheibriados
Dithmenos
Elyvilon
Hepliaklqana
Kikubaaqudgha
Makhleb
Nemelex Xobeh
Qazlal
Ru
Sif Muna
Trog
Uskayaw
Vehumet
The Shining One

Shops:
D:5 ?


Innate Abilities, Weirdness & Mutations

You have sharp claws.
You have razor-sharp teeth.
You have supernaturally acute eyesight. (SInv)
You cover ground quickly. (Speed+)
You are covered in thick fur. (AC +2)
Your paws help you pounce on unaware monsters.
You are incapable of wielding weapons or throwing items.
You cannot wear armour.
You gain extra lives every three experience levels.


Message History

You claw the iguana!
You kill the iguana!
Qazlal accepts your kill.
You see here an iguana corpse.
You see here an iguana corpse.
There is an open door here.
You open the door.
You hear a distant slurping noise.
There is an open door here.
Found a rapier.
A centaur comes into view.
The centaur wields a +0 shortbow.
The centaur shoots an arrow.
The arrow misses you.
The jelly quivers.
The centaur unwields a +0 shortbow.
The centaur hits you. The centaur completely misses you.
You barely miss the centaur. The centaur misses you. The centaur kicks you.
You scratch the centaur.
The centaur is moderately wounded.
The centaur barely misses you. The centaur misses you.
You scratch the centaur.
The centaur is moderately wounded.
The centaur misses you. The centaur completely misses you. x3
You scratch the centaur. Your claw misses the centaur. You bite the centaur.
The centaur is almost dead.
The jelly misses you. The centaur hits you. The centaur completely misses you.
You barely miss the centaur.
The centaur is almost dead.
The centaur hits you. The centaur misses you. The jelly completely misses you.
You claw the centaur!
You kill the centaur!
Qazlal accepts your kill. The jelly misses you.
You claw the jelly!
Your paws burn!
The jelly is moderately wounded.
The jelly closely misses you.
You claw the jelly!
Your paws burn!
The jelly is heavily wounded.
The jelly hits you. The acid corrodes you!
You are splashed with acid!
You die...

....#(##########..(..............
#.....Sgg........#+###.......####
'.....gg.........#...'.......#
#................#...#.......#
#................#...#.......#
#................#...#.......#
..###+##+#########...#####.....
..# #...○.#.......#...... ..+
#...○@#.......#......# ..#
#...J.°.......#......# ..###
##+####...##### ....#.##+####.
#...# ....#......... ......
....#......... ........
....#......... .........
....#......... ......)..
....#....... ....... .....


You could see a jelly.

Vanquished Creatures
  A steam dragon (D:7)
  A water moccasin (D:6)
  An ice beast (D:6)
  A sky beast (D:6)
  2 phantoms
  2 centaurs
  2 bullfrogs (D:7)
  2 scorpions
  A water moccasin skeleton (D:5)
  A howler monkey (D:4)
  2 bullfrog zombies
  6 hounds
  4 iguanas
  An orc wizard (D:4)
  3 adders
  A shadow imp (D:7)
  2 adder skeletons (D:4)
  7 orcs
  4 bats
  4 endoplasms
  5 giant cockroaches
  5 hobgoblins
  4 jackals (D:1)
  3 quokkas
  9 ball pythons
  2 frilled lizards
  7 goblins
  4 kobolds
  A quokka skeleton (D:2)
  3 rats (D:1)
91 creatures vanquished.

Notes
Turn   | Place    | Note
-------+----------+-------------------------------------------
     0 | D:1      | Spectrina the Felid Monk began the quest for the Orb.
     0 | D:1      | Reached XP level 1. HP: 10/10 MP: 2/2
   350 | D:1      | Reached XP level 2. HP: 10/14 MP: 3/3
   547 | D:2      | Found a snail-covered altar of Cheibriados.
   744 | D:2      | Reached XP level 3. HP: 14/17 MP: 4/4
  1233 | D:5      | Entered Level 5 of the Dungeon
  1280 | D:4      | Noticed a scorpion
  1384 | D:2      | Reached XP level 4. HP: 8/21 MP: 5/5
  1613 | D:4      | Noticed an orc warrior
  1649 | D:4      | Noticed a scorpion
  1663 | D:4      | Killed a scorpion
  1675 | D:4      | Noticed a phantom
  1692 | D:4      | Reached skill level 5 in Dodging
  1692 | D:4      | Reached XP level 5. HP: 9/25 MP: 6/6
  2201 | D:5      | Noticed a phantom
  2204 | D:5      | Killed a phantom
  2205 | D:5      | Reached skill level 5 in Unarmed Combat
  2205 | D:5      | Gained mutation: You are covered in thick fur. (AC +2)
                  | [Felid growth]
  2205 | D:5      | Reached XP level 6. HP: 14/28 MP: 7/7
  2227 | D:5      | Found Ocoas's Magic Scroll Shoppe.
  2237 | D:5      | Bought a scroll of identify for 26 gold pieces
  2237 | D:5      | Bought a scroll of immolation for 45 gold pieces
  2558 | D:4      | Killed from afar by an orc wizard
  2559 | D:4      | Reached XP level 5. HP: -8/25 MP: 6/6
  2600 | D:5      | Killed a centaur
  2601 | D:5      | Reached skill level 5 in Stealth
  2601 | D:5      | Reached XP level 6. HP: 29/29 MP: 7/7
  2843 | D:6      | Noticed an ice beast
  2847 | D:6      | Killed an ice beast
  2848 | D:6      | Reached XP level 7. HP: 26/33 MP: 8/8
  3330 | D:6      | Reached skill level 5 in Fighting
  3410 | D:7      | Found a staircase to the Ecumenical Temple.
  3431 | Temple   | Entered the Ecumenical Temple
  3511 | Temple   | Became a worshipper of Qazlal Stormbringer
  3511 | Temple   | Reached * piety under Qazlal
  3511 | Temple   | Reached ** piety under Qazlal
  3665 | D:7      | Noticed a steam dragon
  3690 | D:7      | Killed a steam dragon
  3778 | D:6      | Reached XP level 8. HP: 35/37 MP: 9/9
  3868 | D:6      | HP: 1/37 [gnoll sergeant (14)]
  3868 | D:6      | Slain by a gnoll sergeant
  3869 | D:6      | Reached XP level 7. HP: -4/33 MP: 3/8
  3958 | D:6      | Splashed by a jelly's acid

Illustrated notes

Levels and vault maps discovered:
D:1:      sevenhm_arrival_forest_fort_large_2, layout_basic
D:2:      layout_rooms, basic_altar, bh_walls_and_bars
D:3:      layout_basic
D:4:      layout_loops_ring, serial_glass, glass_columns_a, glass_columns_c,
          glass_columns_a, glass_columns_b, glass_columns_a, glass_columns_a
D:5:      layout_gridville, serial_shops, nicolae_shop_window_shopping
D:6:      layout_gridville
D:7:      nicolae_cairo_tiling_large_dashed, layout_layer_cave
Temple:   mainiacjoe_temple_archimedes_tessellation

Skill      XL: |  1  2  3  4  5  6  7 |
---------------+----------------------+-----
Unarmed Combat | 4 5 6 7 |  7.7
Stealth        | 3 5 6 |  6.0
Dodging        | 5 6 7 |  7.7
Fighting       | 4 5 |  5.7
Invocations    | |  0.8

Action                   |  1- 3 |  4- 6 |  7- 9 || total
-------------------------+-------+-------+-------++-------
Melee: Unarmed           |   124 |   133 |    80 ||   337
       Bite              |    11 |    14 |    16 ||    41
       Punch             |     2 |     6 |     2 ||    10
Invok: Upheaval          |       |       |     2 ||     2
Evoke: Wand              |       |       |     5 ||     5
  Use: Potion            |     1 |     2 |       ||     3
       Scroll            |       |     2 |       ||     2
 Stab: Sleeping          |    10 |     7 |     2 ||    19
       Distracted        |       |     1 |       ||     1
Armor: Skin              |     4 |     4 |     6 ||    14
Dodge: Dodged            |    99 |   105 |    75 ||   279
Block: Other             |       |       |     4 ||     4
